 Dungeon Crawl Stone Soup version 0.16-a0-3308-g116f5c4 (webtiles) character file.

92 BluebellGnoll the Slasher (level 4, 0/29 HPs)
             Began as a High Elf Skald on Dec 26, 2014.
             Was an Initiate of Makhleb.
             Slain by an orc (5 damage)
             ... on level 3 of the Dungeon.
             The game lasted 00:08:47 (1929 turns).

BluebellGnoll the Slasher (High Elf Skald)          Turns: 1929, Time: 00:08:47

Health: 0/29       AC:  3    Str: 11    XL:     4   Next: 35%
Magic:  20/20      EV: 11    Int: 16    God:    Makhleb [......]
Gold:   79         SH:  0    Dex: 15    Spells: 3 memorised, 2 levels left

rFire  . . .     SeeInvis .     a - +0 falchion
rCold  . . .     Clarity  .     b - +0 leather armour
rNeg   . . .     SustAb   .     (no shield)
rPois  .         Gourm    .     (no helmet)
rElec  .         Spirit   .     (no cloak)
rCorr  .         Warding  .     (no gloves)
rMut   .         Stasis   .     (no boots)
MR     .....                    (no amulet)
Stlth  +.........               (no ring)
                                l - ring of magical power

@: singing (expiring), not resistant to hostile enchantments, very unstealthy
A: no striking features
a: Renounce Religion, Stop Singing


You were on level 3 of the Dungeon.
You worshipped Makhleb.
Makhleb was noncommittal.
You were not hungry.

You visited 1 branch of the dungeon, and saw 3 of its levels.

You collected 79 gold pieces.

Inventory:

Hand weapons
 a - a +0 falchion (weapon)
Missiles
 e - 33 arrows
 n - 3 needles of confusion
Armour
 b - a +0 leather armour (worn)
Jewellery
 l - a ring of magical power (left hand)
Scrolls
 f - 2 scrolls of teleportation {unknown}
 h - 3 scrolls of identify {unknown}
 i - a scroll of blinking {unknown}
 j - a scroll of enchant armour {unknown}
 m - a scroll of enchant weapon {unknown}
 o - a scroll of fear {unknown}
Potions
 g - a potion of heal wounds {unknown}
 k - a potion of magic {unknown}
 q - a potion of resistance {unknown}
Books
 c - a book of Battle

   Spells                             Type                      Level
   a - Infusion                       Charms                       1
   b - Shroud of Golubria             Charms/Translocation         2
   c - Song of Sleighing              Charms                       2
   d - Spectral Weapon                Hexes/Charms                 3
   e - Regeneration                   Charms/Necromancy            3
Comestibles
 d - a bread ration
 p - 3 fruits


   Skills:
 - Level 2.0 Fighting
 - Level 5.2 Long Blades
 - Level 0.8 Armour
 - Level 1.1 Dodging
 - Level 2.4 Spellcasting
 + Level 4.1 Charms


You had 2 spell levels left.
You knew the following spells:

 Your Spells              Type           Power        Failure   Level  Hunger
a - Infusion              Chrm           ###...       4%          1    #......
b - Song of Sleighing     Chrm           ###.....     8%          2    ###....
c - Shroud of Golubria    Chrm/Tloc      #.........   14%         2    ###....


Dungeon Overview and Level Annotations

Branches:
Dungeon (3/15)

Altars:
Dithmenos
Makhleb
Yredelemnul


Message History

The bat barely misses you.
You slash the orc!
The orc is almost dead.
The bat closely misses you. The orc hits you but does no damage.
You hit the orc.
You kill the orc!
Makhleb accepts your kill. The bat hits you but does no damage.
You hit the orc.
The orc is heavily wounded.
The orc hits you.
* * * LOW HITPOINT WARNING * * *
The bat closely misses you.
You hit the orc.
The orc is severely wounded.
The bat closely misses you. The orc barely misses you.
You closely miss the orc.
The orc is severely wounded.
The bat hits you but does no damage. The orc hits you.
You die...

#..#.#####
#........#
#..#.....#
##.####..##
#.........
#.####.(#.
#.# #o# #@#
#..b.#
#<.....
#....###
..#.##
####.. ###


You could see an orc and a bat.

Vanquished Creatures
  An iron imp (D:2)
  An adder (D:2)
  A worm (D:2)
  A giant gecko (D:1)
  An orc (D:3)
  A bat (D:1)
  3 giant cockroaches
  2 gnoll zombies (D:2)
  11 goblins
  3 hobgoblins
  6 jackals
  5 kobolds
  A ball python (D:1)
  5 giant newts
  6 rats
48 creatures vanquished.

Notes
Turn   | Place    | Note
--------------------------------------------------------------
     0 | D:1      | BluebellGnoll, the High Elf Skald, began the quest for the Orb.
     0 | D:1      | Reached XP level 1. HP: 14/14 MP: 4/4
   199 | D:1      | Reached XP level 2. HP: 10/19 MP: 3/6
   205 | D:1      | Learned a level 2 spell: Song of Sleighing
   426 | D:1      | Learned a level 2 spell: Shroud of Golubria
   636 | D:1      | Reached skill level 4 in Long Blades
   921 | D:1      | Reached XP level 3. HP: 24/24 MP: 8/8
  1028 | D:2      | Found a burning altar of Makhleb.
  1038 | D:2      | Reached skill level 5 in Long Blades
  1164 | D:2      | Became a worshipper of Makhleb the Destroyer
  1271 | D:2      | Reached XP level 4. HP: 24/29 MP: 11/11
  1279 | D:2      | Found a shadowy altar of Dithmenos.
  1763 | D:2      | Found a basalt altar of Yredelemnul.
  1894 | D:2      | You fall through a shaft!
  1929 | D:3      | Slain by an orc

Action                   |  1- 3 |  4- 6 || total
-------------------------+-------+-------++-------
Melee: Falchion          |    96 |    54 ||   150
 Cast: Infusion          |     7 |     2 ||     9
       Song of Sleighing |     4 |     2 ||     6
 Stab: Sleeping          |     1 |       ||     1
  Eat: Chunk             |     1 |     3 ||     4
